 Dungeon Crawl Stone Soup version 0.17.1-2-g5865329 (webtiles) character file.

1498 Peloso the Shield-Bearer (level 8, -10/70 HPs)
             Began as a Minotaur Fighter on Jan 16, 2016.
             Was a Follower of Okawaru.
             Mangled by an orc warrior
             ... wielding a +2 battleaxe of chopping
              (11 damage)
             ... on level 6 of the Dungeon.
             The game lasted 00:15:35 (4751 turns).

Peloso the Shield-Bearer (Minotaur Fighter)         Turns: 4751, Time: 00:15:35

Health: -10/70     AC: 10    Str: 26    XL:     8   Next: 52%
Magic:  7/7        EV:  9    Int:  7    God:    Okawaru [*.....]
Gold:   409        SH: 11    Dex: 12    Spells: 0 memorised, 7 levels left

rFire  . . .     SeeInvis .     a - +0 long sword
rCold  . . .     Clarity  .     q - +0 chain mail
rNeg   . . .     SustAt   .     c - +0 shield
rPois  .         Gourm    .     (helmet restricted)
rElec  .         Spirit   .     (no cloak)
rCorr  .         Warding  .     (no gloves)
rMut   .         Stasis   .     (no boots)
MR     .....                    p - amulet of faith
Stlth  ..........               (no ring)
                                (no ring)

@: mighty, not resistant to hostile enchantments, extremely unstealthy
A: retaliatory headbutt, horns 2, clever 1
a: Heroism, Renounce Religion


You were on level 6 of the Dungeon.
You worshipped Okawaru.
Okawaru was aware of your devotion.
You were not hungry.

You visited 2 branches of the dungeon, and saw 7 of its levels.

You collected 409 gold pieces.

Inventory:

Hand Weapons
 a - a +0 long sword (weapon)
 x - a +2 war axe of flaming
Armour
 b - a +0 scale mail
 c - a +0 shield (worn)
 q - a +0 chain mail (worn)
Jewellery
 p - an amulet of faith (around neck)
Scrolls
 g - 3 scrolls of identify
 j - a scroll of recharging
 m - 2 scrolls of teleportation {unknown}
 s - a scroll of enchant weapon {unknown}
 u - 2 scrolls of fog {unknown}
 v - 2 scrolls of amnesia {unknown}
Potions
 d - a potion of might
 i - a potion of brilliance
 k - 2 potions of resistance
 z - a potion of flight
Comestibles
 e - 4 bread rations
 f - 16 fruits
 h - 3 chunks of flesh
 l - 2 meat rations
 o - 2 beef jerkies
 r - a slice of pizza


   Skills:
 + Level 6.1 Fighting
 + Level 4.3 Long Blades
 + Level 3.7 Axes
 + Level 6.8 Armour
 + Level 5.0 Dodging
 + Level 0.1 Stealth
 + Level 7.3 Shields


You had 7 spell levels left.
You didn't know any spells.

Dungeon Overview and Level Annotations

Branches:
Dungeon (6/15)             Temple (1/1) D:5

Altars:
Ashenzari
Cheibriados
Dithmenos
Elyvilon
Fedhas
Makhleb
Nemelex Xobeh
Okawaru
Qazlal
Ru
Sif Muna
Vehumet
Xom
Yredelemnul
Zin
The Shining One

Shops:
D:5 *


Innate Abilities, Weirdness & Mutations

You reflexively headbutt those who attack you in melee.
You have a pair of horns on your head.
Your mind is acute. (Int +2)


Message History

The orc warrior is heavily wounded.
You hit the orc warrior but do no damage.
Your headbutt misses the orc warrior.
The orc warrior is heavily wounded.
The orc warrior hits you with a battleaxe of chopping!!
You hit the orc warrior but do no damage.
You headbutt the orc warrior, but do no damage.
The orc warrior is heavily wounded.
You block the orc warrior's attack.
Drink which item? (? for menu, Esc to quit)
You feel very mighty all of a sudden. You block the orc warrior's attack.
You hit the orc warrior.
The orc warrior is severely wounded.
The orc warrior hits you with a battleaxe of chopping!!
* * * LOW HITPOINT WARNING * * *
x2 You slash the orc warrior!
Your headbutt misses the orc warrior.
The orc warrior is almost dead.
The orc warrior hits you with a battleaxe of chopping!
You die...

............. #.#.#..###.###
##.#....#.#.#.#.#
.#.#.#.####.... #.#........#.#.#
.#.#........... #.#....###.#.#.#
.#.#...####.#..
#.#.##.###.#.#.##.#.#.#.........
#.#.##.................<........
#.#.######.#.#.##.###########...
#.#.# #.#.#.##...............
#.# #....[@o...###.##.###..
.............##!..............
...........# ##...#.##.###..
####...#.#.# ..#......#..
#|###.#.# # .#.##.#.#.# #. #.#.#
#...#.##.#.#.# #. #.#.#
#........#.#.. ..#.#
#.#.####.#.### #.####.#.# #


You could see an orc warrior.

Vanquished Creatures
  A sky beast (D:5)
  A phantom (D:3)
  An ogre (D:4)
  A centaur (D:4)
  2 giant frogs (D:6)
  3 scorpions
  2 crimson imps
  4 orc priests
  A jelly (D:6)
  4 orc wizards
  4 hounds
  5 worker ants
  An iguana (D:5)
  A giant frog skeleton (D:5)
  A hound skeleton (D:4)
  2 worker ant zombies (D:5)
  Robin (D:4)
  10 adders
  2 shadow imps
  An adder zombie (D:5)
  A worm (D:4)
  2 giant geckos
  20 orcs
  6 bats
  3 giant cockroaches
  18 goblins
  4 hobgoblins
  7 jackals
  9 kobolds
  A quokka (D:3)
  4 ball pythons
  A giant gecko skeleton (D:5)
  6 giant newts
  3 rats
133 creatures vanquished.

Notes
Turn   | Place    | Note
--------------------------------------------------------------
     0 | D:1      | Peloso the Minotaur Fighter began the quest for the Orb.
     0 | D:1      | Reached XP level 1. HP: 19/19 MP: 0/0
   368 | D:1      | Reached skill level 4 in Shields
   469 | D:1      | Reached XP level 2. HP: 23/26 MP: 1/1
  1040 | D:2      | Reached XP level 3. HP: 26/33 MP: 2/2
  1135 | D:2      | Reached skill level 1 in Dodging
  1397 | D:3      | Reached XP level 4. HP: 36/40 MP: 3/3
  1742 | D:3      | Found a radiant altar of Vehumet.
  1803 | D:3      | Reached skill level 5 in Shields
  1856 | D:4      | Reached XP level 5. HP: 44/46 MP: 4/4
  1857 | D:4      | Noticed an ogre
  1873 | D:4      | Killed an ogre
  1880 | D:4      | Noticed Robin
  1881 | D:4      | Noticed a phantom
  2127 | D:3      | Killed a phantom
  2127 | D:3      | Reached skill level 1 in Axes
  2127 | D:3      | Reached XP level 6. HP: 12/53 MP: 5/5
  2375 | D:4      | Killed Robin
  2398 | D:4      | Reached skill level 5 in Armour
  2399 | D:4      | Found a blossoming altar of Fedhas.
  2536 | D:4      | Noticed a centaur
  2539 | D:4      | Killed a centaur
  2539 | D:4      | Reached skill level 6 in Shields
  2910 | D:4      | Found a deep blue altar of Sif Muna.
  3154 | D:5      | Entered Level 5 of the Dungeon
  3155 | D:5      | Reached XP level 7. HP: 60/60 MP: 6/6
  3224 | D:5      | Found Nudus's Assorted Antiques.
  3282 | D:5      | HP: 3/60 [scorpion (6)]
  3286 | D:5      | Reached skill level 5 in Fighting
  3703 | D:5      | Reached XP level 8. HP: 29/69 MP: 7/7
  3704 | D:5      | Found a staircase to the Ecumenical Temple.
  3711 | Temple   | Entered the Ecumenical Temple
  3805 | Temple   | Became a worshipper of Warmaster Okawaru
  3885 | D:5      | Found a glowing silver altar of Zin.
  3935 | D:5      | Found a stormy altar of Qazlal.
  4014 | D:5      | Gained mutation: Your mind is acute. (Int +2) [potion of beneficial mutation]
  4148 | D:6      | Reached skill level 7 in Shields
  4508 | D:6      | Reached * piety under Okawaru
  4524 | D:6      | Reached skill level 5 in Dodging
  4750 | D:6      | HP: 1/70 [orc warrior/battleaxe of chopping (3)]
  4751 | D:6      | Mangled by an orc warrior

Action                   |  1- 3 |  4- 6 |  7- 9 || total
-------------------------+-------+-------+-------++-------
Melee: Long sword        |    99 |    33 |   139 ||   271
       War axe           |       |    73 |    35 ||   108
  Use: Scroll            |       |     8 |     3 ||    11
       Potion            |       |     1 |     5 ||     6
  Eat: Chunk             |     2 |     5 |     6 ||    13
